 Dungeon Crawl Stone Soup version 0.25-a0-339-gb37b713 (webtiles) character file.

Game seed: 2722853227634472024, levelgen mode: deterministic

47 Birdy the Covered (level 3, 0/21 HPs)
             Began as a Tengu Gladiator on Dec 28, 2019.
             Succumbed to an adder's poison
             ... on level 3 of the Dungeon.
             The game lasted 00:02:32 (1160 turns).

Birdy the Covered (Tengu Gladiator)                 Turns: 1160, Time: 00:02:32

Health: 0/21       AC:  4    Str: 15    XL:     3   Next: 70%
Magic:  4/4        EV: 18    Int:  8    God:
Gold:   124        SH:  0    Dex: 20    Spells: 2/2 levels left

rFire    . . .     SeeInvis .   a - +0 long sword
rCold    + . .     Gourm    .   (no shield)
rNeg     . . .     Faith    .   b - +0 leather armour
rPois    .         Spirit   .   c - +0 hat
rElec    .         Reflect  .   o - +0 cloak
rCorr    .         Harm     .   (no gloves)
MR       .....                  (boots unavailable)
Stlth    ++........             (no amulet)
HPRegen  0.07/turn              p - ring of attention (curse)
MPRegen  0.09/turn              i - ring of protection from cold

@: agile, lethally poisoned (0 -> -1), hasted, lightly drained, very quick
A: beak, talons 3
a: no special abilities


You were on level 3 of the Dungeon.
You were hungry.

You visited 1 branch of the dungeon, and saw 3 of its levels.

You collected 124 gold pieces.

Inventory:

Hand Weapons
 a - a +0 long sword (weapon)
Missiles
 d - 3 throwing nets (quivered)
Armour
 b - a +0 leather armour (worn)
 c - a +0 hat (worn)
 o - a +0 cloak (worn)
Jewellery
 h - an uncursed ring of fire
 i - a ring of protection from cold (right hand)
 j - an uncursed ring of fire
 p - a cursed ring of attention (left hand)
Scrolls
 e - a scroll of teleportation
 g - a scroll of fog
Potions
 q - a potion of agility
 r - a potion of cancellation
Comestibles
 f - 2 rations


   Skills:
 - Level 2.0(1.9) Fighting
 - Level 3.2(3.1) Long Blades
 - Level 2.0(1.9) Throwing
 * Level 3.5(3.4) Armour
 - Level 3.2(3.1) Dodging


You had 2 spell levels left.
You didn't know any spells.
Your spell library was empty.

Dungeon Overview and Level Annotations

Branches:
Dungeon (3/15)

Altars:
Cheibriados
Nemelex Xobeh


Innate Abilities, Weirdness & Mutations

You have a beak for a mouth.
You have claws for feet.


Message History

Unknown command.
Found a cyan potion and a golden potion.
Things that are here:
8 gold pieces; a dagger
Okay, then.
Okay, then.
Okay, then.
* * * LOW HITPOINT WARNING * * *
You feel sick.
Found a stone staircase leading down.
Found 4 gold pieces.
A rat comes into view.
A hobgoblin comes into view.
* * * LOW HITPOINT WARNING * * *
You feel sick.
The hobgoblin shouts!
You see here a cyan potion.
k - a cyan potion It was a potion of haste.
You feel yourself speed up.
You die...

.........#......#
.........#....$.########
.........#......##...[..
.........#......+.......
.........#......##...$..
.........#......##......
......$.........##......
..............#..'......
.......@......####......
...###........# #......
. #..g.>...# #..(...
##r......# #......
##......# #......
#......# #......
#......# #...... ......#


You could see a hobgoblin and a rat.

Vanquished Creatures
  2 adders
  An ooze (D:2)
  A worm (D:2)
  A dart slug (D:1)
  A giant cockroach (D:2)
  6 goblins
  A hobgoblin (D:1)
  A quokka (D:2)
  4 bats
  2 frilled lizards
  A rat (D:1)
21 creatures vanquished.

Notes
Turn   | Place    | Note
-------+----------+-------------------------------------------
     0 | D:1      | Birdy the Tengu Gladiator began the quest for the Orb.
     0 | D:1      | Reached XP level 1. HP: 12/12 MP: 2/2
    59 | D:1      | Reached skill level 1 in Armour
   200 | D:1      | Reached XP level 2. HP: 17/17 MP: 3/3
   505 | D:2      | Reached XP level 3. HP: 21/21 MP: 4/4
  1108 | D:3      | Found a snail-covered altar of Cheibriados.
  1109 | D:3      | Found a sparkling altar of Nemelex Xobeh.
  1156 | D:3      | HP: 1/21 [poisoned by an adder]
  1160 | D:3      | Succumbed to an adder's poison

Levels and vault maps discovered:
D:1:      kennysheep_arrival_forest, layout_rooms
D:2:      layout_loops_ring
D:3:      layout_basic, nicolae_qazlal_general_emergency,
          gammafunk_temple_overflow_statue

Skill      XL: |  1  2 |
---------------+-------+-----
Armour         | 1 3 |  3.5
Fighting       | |  2.0
Long Blades    | |  3.2
Throwing       | |  2.0
Dodging        | |  3.2

Action                   || total
-------------------------++-------
Melee: Long sword        ||    35
       Kick              ||    13
       Peck              ||     7
  Use: Scroll            ||     7
       Potion            ||     2
Armor: Leather armour    ||     5
Dodge: Dodged            ||    31
       Rpst.: Long sword ||    13

Table legend:
 A = Non-vault XP
 B = Vault XP
 C = Vault XP percentage of total XP
 D = Non-vault monster count
 E = Vault monster count
 F = Vault count percentage of total count
                 A         B        C        D         E       F
            +---------+---------+-------+---------+---------+-------
      Total |      68 |       0 |   0.0 |      21 |       0 |   0.0
            +---------+---------+-------+---------+---------+-------
        D:1 |      20 |       0 |   0.0 |      11 |       0 |   0.0
        D:2 |      35 |       0 |   0.0 |       9 |       0 |   0.0
        D:3 |      13 |       0 |   0.0 |       1 |       0 |   0.0
            +---------+---------+-------+---------+---------+-------
